Map: AVEX - Detox

Players

LiquidMaNa (MaNa) - Winner!

  • Race: Protoss Protoss
  • League: Grandmaster

dTefel (Tefel)

  • Race: Zerg Zerg
  • League: Grandmaster

Event: Corsair Cup 14

VOD

Have the link to the VOD?

Description

Time

  • Played on: March 21, 2016, 2:48 p.m.
  • Length: 7:26

All games in this series

Show
View Real Time Build Order
Export as new Build Order

LiquidMaNa Protoss - Winner!

Build Orders: 1 Gate Expand, Phoenix Opening 

Get SALT Encoding   

  12  0:00  Probe (Chrono Boost)  
  13  0:11  Probe (Chrono Boost)  
  14  0:18  Pylon  
  14  0:22  Probe (Chrono Boost)  
  15  0:36  Probe (Chrono Boost)  
  16  0:44  Gateway  
  16  0:45  Assimilator  
  16  0:48  Probe (Chrono Boost)  
  17  0:59  Probe (Chrono Boost)  
  18  1:09  Probe (Chrono Boost)  
  19  1:26  Nexus  
  19  1:35  Cybernetics Core  
  19  1:39  Probe (Chrono Boost)  
  20  1:45  Assimilator  
  20  1:49  Probe (Chrono Boost)  
  21  1:55  Pylon  
  21  2:00  Probe (Chrono Boost)  
  22  2:10  Probe (Chrono Boost)  
  22  2:13  Adept (Chrono Boost), Warp Gate  
  25  2:21  Probe  
  26  2:30  Stargate  
  26  2:33  Probe (Chrono Boost)  
  27  2:39  Probe (Chrono Boost)  
  28  2:44  Adept, Probe (Chrono Boost)  
  28  2:50  Probe (Chrono Boost)  
  32  2:55  Mothership Core (Chrono Boost)  
  34  3:02  Probe (Chrono Boost)  
  35  3:13  Probe (Chrono Boost)  
  35  3:14  Phoenix (Chrono Boost), Probe (Chrono Boost)  
  39  3:21  Gateway  
  39  3:23  Gateway  
  39  3:27  Probe  
  39  3:29  Probe  
  41  3:35  Pylon  
  41  3:40  Phoenix (Chrono Boost)  
  42  3:42  Probe  
  42  3:44  Probe  
  44  3:51  Pylon  
  44  3:52  Probe  
  45  3:56  Probe  
  46  4:04  Phoenix (Chrono Boost)  
  46  4:05  Probe  
  46  4:07  Pylon  
  49  4:16  Probe  
  49  4:17  Probe  
  51  4:24  Assimilator  
  51  4:26  Phoenix (Chrono Boost)  
  51  4:28  Pylon  
  51  4:31  Adept x2, Sentry  
  55  4:34  Probe  
  55  4:36  Pylon, Probe  
  61  4:49  Robotics Facility, Pylon  
  61  5:00  Nexus  
  61  5:04  Phoenix (Chrono Boost)  
  61  5:05  Probe  
  64  5:08  Probe  
  65  5:15  Probe  
  65  5:20  Probe, Sentry  
  69  5:22  Assimilator  
  69  5:26  Probe  
  69  5:27  Phoenix (Chrono Boost)  
  72  5:32  Probe  
  72  5:34  Zealot  
  75  5:36  Probe  
  75  5:37  Pylon  
  76  5:44  Probe  
  76  5:47  Probe  
  78  5:53  Immortal (Chrono Boost)  
  78  5:55  Pylon  
  78  5:57  Probe  
  83  5:59  Probe  
  78  6:06  Robotics Facility  
  78  6:10  Pylon, Probe (Chrono Boost)  
  78  6:11  Probe (Chrono Boost)  
  78  6:15  Forge  
  78  6:22  Sentry x2  
  78  6:23  Zealot, Probe (Chrono Boost)  
  85  6:27  Probe x2 (Chrono Boost)  
  85  6:32  Pylon  
  85  6:48  Immortal (Chrono Boost), Twilight Council  
  85  6:54  Assimilator  
  89  6:55  Assimilator  
  89  6:58  Zealot  
  89  6:59  Zealot x2  
  95  7:02  Probe (Chrono Boost)  
  95  7:06  Probe (Chrono Boost)  
  95  7:07  Probe (Chrono Boost)  
Show
View Real Time Build Order
Export as new Build Order

dTefel Zerg 

Build Orders: Hatch First 

Get SALT Encoding   

  12  0:00  Drone  
  13  0:08  Drone  
  14  0:16  Overlord  
  14  0:22  Extractor  
  14  0:23  Drone  
  15  0:35  Drone x2  
  17  0:51  Hatchery  
  17  0:54  Drone  
  17  1:07  Spawning Pool  
  17  1:11  Extractor  
  15  1:12  Drone  
  15  1:16  Drone  
  17  1:21  Drone  
  18  1:26  Drone  
  19  1:37  Drone  
  20  1:54  Queen  
  22  2:03  Queen  
  22  2:04  Drone x3  
  27  2:09  Overlord  
  27  2:11  Metabolic Boost  
  27  2:14  Drone  
  28  2:27  Drone x2  
  28  2:29  Queen  
  30  2:32  Drone  
  33  2:46  Hatchery  
  33  2:47  Drone x2  
  34  2:51  Drone  
  34  2:52  Overlord  
  35  3:01  Drone, Evolution Chamber  
  35  3:02  Drone  
  36  3:06  Overlord  
  36  3:10  Drone  
  37  3:13  Zergling x6  
  37  3:15  Drone  
  37  3:17  Drone  
  42  3:20  Overlord  
  42  3:23  Extractor  
  41  3:28  Drone  
  42  3:35  Drone x2  
  42  3:39  Roach Warren, Drone x2  
  45  3:48  Drone, Lair  
  46  3:49  Overlord  
  46  3:51  Drone  
  46  3:53  Drone  
  47  4:10  Drone x2, Zerg Missile Weapons Level 1  
  47  4:11  Overlord  
  47  4:14  Extractor, Drone x4  
  47  4:15  Drone  
  51  4:25  Drone x3  
  51  4:26  Overlord  
  51  4:29  Queen  
  51  4:31  Drone x2  
  58  4:37  Queen  
  60  4:48  Overlord  
  60  4:51  Spore Crawler  
  60  4:52  Hydralisk Den  
  58  4:57  Drone x4  
  62  5:18  Overlord, Drone x4  
  62  5:21  Drone x4  
  70  5:23  Extractor  
  70  5:25  Overlord  
  68  5:29  Drone  
  68  5:30  Drone  
  68  5:31  Drone x3  
  68  5:33  Drone, Spore Crawler  
  68  5:34  Overlord  
  68  5:35  Roach x4  
  76  5:37  Roach  
  76  5:41  Roach x4  
  82  5:49  Overlord  
  81  5:55  Hydralisk  
  82  6:01  Overlord  
  82  6:03  Overlord x2  
  82  6:04  Overlord  
  76  6:08  Hydralisk x3  
  76  6:10  Overlord  
  80  6:13  Drone x2  
  82  6:20  Overlord  
  82  6:23  Hydralisk x3  
  88  6:27  Hydralisk  
  88  6:31  Hydralisk  
  87  6:45  Hydralisk  
  87  6:46  Hydralisk x4  
  97  6:47  Hydralisk  
  97  6:52  Overlord x2  
  99  6:54  Overlord  
  99  6:58  Overlord  
Tags
 
Add a new tag
Caveats
  • Supply blocks, unpowered buildings, or Contaminate may cause inaccurate times.
  • Supply counts are checked every 10 seconds.